 Dungeon Crawl Stone Soup version 0.30-a0-862-g1aabd4f9c5 (webtiles) character file.

Game seed: 8625632631711977680

6 hellse the Sneak (level 1, -2/22 HPs)
             Began as a Troll Delver on Mar 9, 2023.
             Slain by a gnoll
             ... wielding a +0 flail
              (3 damage)
             ... on level 4 of the Dungeon.
             The game lasted 00:00:17 (51 turns).

hellse the Sneak (Troll Delver)                       Turns: 51, Time: 00:00:18

Health: -2/22      AC:  4    Str: 19    XL:     1   Next: 75%
Magic:  0/0        EV:  9    Int:  6    God:
Gold:   0          SH:  0    Dex: 11    Spells: 0/0 levels left

rFire   . . .      SeeInvis .      - Unarmed
rCold   . . .      Faith    .    (no shield)
rNeg    . . .      Spirit   .    a - +0 robe
rPois   .          Reflect  .    (helmet restricted)
rElec   .          Rampage  .    (no cloak)
rCorr   .                        (gloves unavailable)
Will    .....                    (boots unavailable)
Stlth   ++                       (no amulet)
HPRegen 1.03/turn                (no ring)
MPRegen 0.07/turn                (no ring)

@: no status effects
A: large, unfitting armour, claws 3, regeneration 1, shaggy fur 1, tough skin 1
a: no special abilities


You were on level 4 of the Dungeon.
You visited 1 branch of the dungeon, and saw 2 of its levels.

Inventory:

Armour
 a - a +0 robe (worn)
Wands
 f - a wand of digging (3)
Scrolls
 b - a scroll of fog
 d - a scroll of fear
Potions
 e - a potion of haste


   Skills:
 - Level 2.4 Fighting
 - Level 1.5 Dodging
 - Level 2.7 Stealth
 + Level 2.6 Unarmed Combat


You couldn't memorise any spells.
You didn't know any spells.
Your spell library was empty.

Dungeon Overview and Level Annotations

Branches:
Dungeon (5/15)
 Temple: D:4-7

Altars:


Innate Abilities, Weirdness & Mutations

You are too large for most types of armour.
You have claws for hands.
Your natural rate of healing is unusually fast.
You are covered in fur. (AC +1)
You have tough skin. (AC +1)


Message History

A gnoll comes into view. It is wielding a +0 spear.
A gnoll comes into view. It is wielding a +0 flail.
The gnoll shouts!
An orc comes into view. It is wielding a +0 short sword.
An orc comes into view. It is wielding a +0 falchion.
The gnoll throws a throwing net.
The throwing net hits you.
You become entangled in the net!
The gnoll hits you from afar with a +0 spear.
The orc moves out of view.
You see here a throwing net.
You struggle against the net.
The gnoll hits you from afar with a +0 spear.
The gnoll hits you but does no damage.
You tear a large gash into the net.
The gnoll hits you from afar with a +0 spear.
The orc hits you with a +0 whip.
The gnoll hits you from afar with a +0 spear.
An orc comes into view. It is wielding a +0 flail.
You rip the net and break free!
The orc hits you with a +0 whip. The gnoll misses you.
The gnoll hits you from afar with a +0 spear.
The gnoll shouts!
You scratch the orc.
The orc is heavily wounded.
The gnoll misses you.
The gnoll hits you from afar with a +0 spear!
* * * LOW HITPOINT WARNING * * *
The orc closely misses you.
An endoplasm comes into view.
The orc barely misses you. The orc hits you with a +0 short sword.
* * * LOW HITPOINT WARNING * * *
The gnoll attacks as you move away! The gnoll closely misses you.
Found an escape hatch in the ceiling.
The orc shouts!
An orc priest comes into view. It is wielding a +0 dagger.
The orc priest shouts!
The gnoll hits you from afar with a +0 spear!
* * * LOW HITPOINT WARNING * * *
The gnoll attacks as you move away! The gnoll hits you with a +0 flail.
You die...

................g
...............#
#..............##
................##
...?.>.>.....=...###
.............g.....####
#............o###.....#
..............g.......##
.............#og@o......
..........[..#..##....o.
............##### #....
............# ...
....... . ....... ..<..


You could see an orc priest, 2 gnolls and 3 orcs.

Vanquished Creatures
  A dart slug (D:5)
  An orc (D:5)
  A quokka (D:5)
3 creatures vanquished.

Notes
Turn   | Place    | Note
-------+----------+-------------------------------------------
     0 | D:5      | hellse the Troll Delver began the quest for the Orb.
     0 | D:5      | Reached XP level 1. HP: 22/22 MP: 0/0
    31 | D:5      | Noticed a scorpion
    50 | D:4      | Noticed an orc priest
    50 | D:4      | HP: 1/22 [gnoll/+0 spear (8)]
    51 | D:4      | Slain by a gnoll

Illustrated notes

Levels and vault maps discovered:
D:4:      layout_cave_pools, uniq_blork_the_orc
D:5:      layout_cave_pools, hangedman_abyss_or_decor_lesser_grid,
          minmay_gold_behind_fungi, wad_floor_pattern_1,
          minmay_misc_feat_encased, roderic_lattice_a

Action                     || total
---------------------------++-------
  Melee: Unarmed           ||    10
         Punch             ||     1
    Use: Scroll            ||     1
 Armour: Robe              ||     3
  Dodge: Dodged            ||    10

Table legend: (Time is in decaauts)
 A = Elapsed time spent in this place.
 B = Non-inter-level travel time spent in this place.
 C = Inter-level travel time spent in this place.
 D = Time resting spent in this place.
 E = Time spent auto-exploring this place.
 F = Levels seen in this place.
 G = Mean time per level.
                   A        B        C        D        E       F      G
               +--------+--------+--------+--------+--------+-----+--------+
         Total |     50 |     35 |     15 |      0 |      0 |   2 |   25.0 |
       Dungeon |     50 |     35 |     15 |      0 |      0 |   2 |   25.0 |
               +--------+--------+--------+--------+--------+-----+--------+

Top non-repeatable levels by time:
     D:5: 34 daAuts
     D:4: 15 daAuts
